 Dungeon Crawl Stone Soup version 0.22-a0-568-g270d1ae (webtiles) character file.

2419 royokou the Destroyer (level 9, -2/54 HPs)
             Began as a Deep Elf Conjurer on June 29, 2018.
             Slain by a cyan ugly thing (17 damage)
             ... on level 6 of the Dungeon.
             The game lasted 00:38:09 (7234 turns).

royokou the Destroyer (Deep Elf Conjurer)           Turns: 7234, Time: 00:38:09

Health: -2/54      AC:  6    Str:  7    XL:     9   Next: 24%
Magic:  13/31      EV: 15    Int: 22    God:
Gold:   396        SH:  0    Dex: 15    Spells: 13/23 levels left

rFire    . . .     SeeInvis .   u - +0 rapier
rCold    . . .     Gourm    .   (no shield)
rNeg     . . .     Faith    .   F - +0 leather armour (curse)
rPois    +         Spirit   .   l - +2 helmet
rElec    .         Reflect  .   (no cloak)
rCorr    .         Harm     .   (no gloves)
MR       .....                  (no boots)
Stlth    ++........             (no amulet)
HPRegen  0.18/turn              h - ring of poison resistance
MPRegen  0.22/turn              A - ring of magical power

@: no status effects
A: no striking features
a: no special abilities


You were on level 6 of the Dungeon.
You were hungry.

You visited 2 branches of the dungeon, and saw 8 of its levels.

You collected 396 gold pieces.

Inventory:

Hand Weapons
 d - a +0 flail
 m - a +0 dagger
 t - a +0 falchion of freezing
 u - a +0 rapier (weapon)
Armour
 a - a +0 robe
 j - a +2 hat
 l - a +2 helmet (worn)
 n - a +0 ring mail
 p - a +0 ring mail
 s - a +0 ring mail
 v - a +0 robe
 y - a +0 leather armour
 F - a cursed +0 leather armour (worn)
Jewellery
 h - a ring of poison resistance (left hand)
 A - a ring of magical power (right hand)
Wands
 x - a wand of random effects (55)
 B - a wand of iceblast (10)
Scrolls
 b - a scroll of random uselessness
 f - 5 scrolls of teleportation
 g - 3 scrolls of remove curse
 o - 2 scrolls of magic mapping
 r - 5 scrolls of identify
 w - 3 scrolls of enchant weapon
 z - a scroll of immolation
 C - a scroll of torment
 H - a scroll of fog
Potions
 e - 2 potions of might
 i - a potion of degeneration
 k - 3 potions of curing
 q - 3 potions of agility
 D - 3 potions of brilliance
 E - a potion of mutation
Comestibles
 c - 14 rations
 G - 6 chunks of flesh


   Skills:
 * Level 5.5 Fighting
 + Level 6.2 Dodging
 - Level 2.4 Stealth
 - Level 7.5 Spellcasting
 - Level 9.4 Conjurations


You had 13 spell levels left.
You knew the following spells:

 Your Spells              Type           Power        Failure   Level  Hunger
a - Magic Dart            Conj           ####         1%          1    None
b - Searing Ray           Conj           ######       1%          2    None
c - Dazzling Spray        Conj/Hex       ####..       4%          3    None
d - Iskenderun's Mystic   Conj           ######..     2%          4    ###....

Your spell library contained the following spells:

 Spells                   Type           Power        Failure   Level  Hunger
 Fulminant Prism          Conj/Hex       ####......   17%         4    ###....
 Force Lance              Conj/Tloc      ####....     17%         4    ###....


Dungeon Overview and Level Annotations

Branches:
Dungeon (7/15)             Temple (1/1) D:6

Altars:
Ashenzari
Cheibriados
Dithmenos
Elyvilon
Fedhas
Gozag
Kikubaaqudgha
Makhleb
Nemelex Xobeh
Okawaru
Qazlal
Ru
Sif Muna
Trog
Uskayaw
Wu Jian
Xom
Yredelemnul
The Shining One


Message History

Casting: Iskenderun's Mystic Blast (safe; 2% risk of failure)
Confirm with . or Enter, or press ? or * to list all spells.
Aiming: Searing Ray (safe; 1% risk of failure)
Press: ? - help, Shift-Dir - straight line, f - cyan ugly thing
Aim: a cyan ugly thing (heavily wounded)
The searing ray hits the cyan ugly thing.
The cyan ugly thing is heavily wounded. (Press . to maintain the ray.)
The cyan ugly thing kicks you. The cyan ugly thing shocks you!
The searing ray misses the cyan ugly thing.
The cyan ugly thing kicks you. The cyan ugly thing shocks you!
The searing ray hits the cyan ugly thing.
The cyan ugly thing is severely wounded.
The cyan ugly thing closely misses you.
The searing ray hits the cyan ugly thing.
The cyan ugly thing is almost dead.
You finish channeling your searing ray.
The cyan ugly thing kicks you.
* * * LOW HITPOINT WARNING * * *
The cyan ugly thing shocks you!
You die...

##..##.###...####..
#...#.........<#...
#####..#..........#...
##..##..#..........#...
#.......#..........'...
#.......#......[)..#...
##..##..###.##.##>.##..
######..######.###'####
#....u@..........)..#..
##..................#..
##..........>.......#..
#.............[.....#..
##..#>..............#..
####..####'##.###.###.
##..###.##(#######.
#.......#..[....(..
#.......#........(.


You could see a cyan ugly thing.

Vanquished Creatures
  An orc warrior (D:6)
  A sky beast (D:7)
  2 ice beasts
  5 ogres
  2 centaurs
  A big kobold (D:4)
  3 bullfrogs (D:7)
  A scorpion (D:6)
  4 wights (D:6)
  3 howler monkeys
  3 crimson imps
  2 orc priests
  Natasha (twice) (D:2)
  3 iguanas
  6 orc wizards
  5 worker ants
  A hound zombie (D:6)
  Robin (D:1)
  A gnoll (D:1)
  15 adders
  2 oozes
  5 worms
  5 dart slugs
  3 leopard geckos
  21 orcs
  5 giant cockroaches
  12 goblins
  9 hobgoblins
  6 jackals
  2 quokkas
  3 ball pythons
  7 bats
  3 frilled lizards
  A jackal skeleton (D:5)
  6 kobolds
  A leopard gecko skeleton (D:4)
  A leopard gecko zombie (D:6)
  A quokka zombie (D:7)
  8 rats
163 creatures vanquished.

Notes
Turn   | Place    | Note
-------+----------+-------------------------------------------
     0 | D:1      | royokou the Deep Elf Conjurer began the quest for the Orb.
     0 | D:1      | Reached XP level 1. HP: 10/10 MP: 6/6
   108 | D:1      | Reached XP level 2. HP: 15/15 MP: 0/8
   221 | D:1      | Reached skill level 5 in Conjurations
   366 | D:1      | Learned a level 2 spell: Searing Ray
   410 | D:1      | Reached XP level 3. HP: 19/19 MP: 3/10
   415 | D:1      | Learned a level 3 spell: Dazzling Spray
   419 | D:1      | Found a shattered altar of Ashenzari.
  1051 | D:2      | Reached XP level 4. HP: 24/24 MP: 0/12
  1051 | D:2      | Noticed Robin
  1164 | D:1      | Learned a level 4 spell: Iskenderun's Mystic Blast
  1181 | D:1      | Killed Robin
  1574 | D:2      | Found a sacrificial altar of Ru.
  1583 | D:2      | Reached skill level 6 in Conjurations
  1818 | D:2      | Noticed Natasha
  1820 | D:2      | Killed Natasha
  1820 | D:2      | Reached XP level 5. HP: 28/28 MP: 8/14
  2138 | D:2      | Noticed Natasha
  2140 | D:2      | Killed Natasha
  2313 | D:3      | Reached skill level 5 in Spellcasting
  2733 | D:3      | Reached skill level 7 in Conjurations
  2941 | D:4      | Reached XP level 6. HP: 32/32 MP: 11/16
  3136 | D:4      | Found a stormy altar of Qazlal.
  3703 | D:4      | Reached skill level 8 in Conjurations
  3916 | D:4      | Reached XP level 7. HP: 36/36 MP: 13/18
  4264 | D:4      | Found a shimmering altar of Xom.
  4612 | D:4      | Found a glowing golden altar of the Shining One.
  4788 | D:5      | Entered Level 5 of the Dungeon
  4893 | D:5      | Found an ornate altar of the Wu Jian Council.
  4909 | D:5      | Reached skill level 9 in Conjurations
  5107 | D:5      | Reached XP level 8. HP: 41/41 MP: 12/21
  5388 | D:5      | Reached skill level 1 in Fighting
  5648 | D:6      | Found a hide-covered altar of Uskayaw.
  5865 | D:6      | Reached skill level 5 in Dodging
  6060 | D:6      | Found a white marble altar of Elyvilon.
  6155 | D:6      | Found a deep blue altar of Sif Muna.
  6286 | D:6      | Reached XP level 9. HP: 52/52 MP: 12/22
  6397 | D:6      | Found a staircase to the Ecumenical Temple.
  6406 | Temple   | Entered the Ecumenical Temple
  6844 | D:6      | Found a basalt altar of Yredelemnul.
  6903 | D:7      | Reached skill level 5 in Fighting
  7204 | D:7      | Found a blossoming altar of Fedhas.
  7212 | D:7      | Noticed a cyan ugly thing
  7234 | D:6      | Slain by a cyan ugly thing

Vault maps used:
D:1:      minmay_arrival_wavy_path, nicolae_ashenzari_panopticon
D:2:      nicolae_ru_great_annihilating_truth, minmay_splitting_lines,
          uniq_robin, uniq_natasha
D:3:      first_ration
D:4:      marbit_many_paths, lemuel_doored_altar,
          nicolae_tso_swordbearing_angel, minmay_misc_feat_diagonals
D:5:      kennysheep_little_box
D:6:      kennysheep_ying_yang, led_sif_pool, minmay_temple_entry_mist,
          basic_altar
D:7:      nicolae_overflow_quartered_altars, minmay_misc_feat_encased
Temple:   jpeg_temple_island

Skill      XL: |  1  2  3  4  5  6  7  8  9 |
---------------+----------------------------+-----
Conjurations   | 5 6 7 8 9 |  9.4
Spellcasting   | 4 5 6 7 |  7.5
Fighting       | 4 5 |  5.5
Dodging        | 5 6 |  6.2
Stealth        | |  2.4

Action                   |  1- 3 |  4- 6 |  7- 9 || total
-------------------------+-------+-------+-------++-------
Melee: Dagger            |       |     2 |       ||     2
       Flail             |       |     1 |       ||     1
       Falchion          |       |     2 |       ||     2
       Rapier            |       |     1 |    11 ||    12
 Cast: Magic Dart        |    58 |    94 |    84 ||   236
       Dazzling Spray    |     3 |     3 |       ||     6
       Searing Ray       |     1 |    17 |    35 ||    53
       Iskenderun's Myst |       |    20 |    33 ||    53
  Use: Scroll            |     1 |     6 |     6 ||    13
       Potion            |       |     4 |       ||     4
  Eat: Chunk             |       |    12 |    13 ||    25
Armor: Robe              |     2 |    11 |       ||    13
       Leather armour    |       |       |     8 ||     8
Dodge: Dodged            |     7 |    31 |    26 ||    64

Table legend:
 A = Spawn XP
 B = Non-spawn XP
 C = Spawn XP percentage of total XP
 D = Spawn monster count
 E = Non-spawn monster count
 F = Spawn count percentage of total count
 G = Total turns spent on level
                    A         B        C        D         E        F      G
               +---------+---------+-------+---------+---------+-------+---------
         Total |       0 |    3457 |   0.0 |       0 |     163 |   0.0 |  7234
               +---------+---------+-------+---------+---------+-------+---------
           D:1 |       0 |      92 |   0.0 |       0 |      28 |   0.0 |  1362
           D:2 |       0 |     182 |   0.0 |       0 |      29 |   0.0 |   897
           D:3 |       0 |      98 |   0.0 |       0 |      19 |   0.0 |   678
           D:4 |       0 |     698 |   0.0 |       0 |      33 |   0.0 |  1851
           D:5 |       0 |     764 |   0.0 |       0 |      21 |   0.0 |   856
           D:6 |       0 |    1117 |   0.0 |       0 |      24 |   0.0 |   968
           D:7 |       0 |     506 |   0.0 |       0 |       9 |   0.0 |   332
               +---------+---------+-------+---------+---------+-------+---------
